Cogmind - Beta 11.1 *** ADVENTURER MODE // 2022.04.24 @ 22:01:32 Player: TheRhizome Result: Self-destructed Performance ------------- Evolutions (1) 500 Regions Visited (4) 800 Robots Destroyed (32) 160 Value Destroyed (675) 675 Prototype IDs (2) 40 Alien Tech Used (0) 0 Bonus (0) 0 TOTAL SCORE: 2175 Bonus ------- None Cogmind --------- Core Integrity 321/400 Matter 300/300 Energy 34/100 System Corruption 0% Temperature Hot (254) Movement Hovering (52) Location -9/Storage Parts ------- > --- POWER (1) -------- (None) > --- PROPULSION (4) --- Hover Unit Hover Unit Hover Unit > --- UTILITY (2) ------ Medium Storage Unit Targeting Computer > --- WEAPON (2) ------- Medium Laser > --- INVENTORY (10) --- High-capacity Matter Pod (200) Improved Terrain Scanner Particle Cannon Particle Cannon Particle Cannon Particle Cannon Peak State ------------ > --- POWER ------------ Light Ion Engine > --- PROPULSION ------- Hover Unit Hover Unit Hover Unit Hover Unit > --- UTILITY ---------- Medium Storage Unit Targeting Computer > --- WEAPON ----------- Medium Laser Medium Laser > --- INVENTORY -------- High-capacity Matter Pod Improved Terrain Scanner Particle Cannon Particle Cannon Particle Cannon Particle Cannon [Rating: 10] Favorites ----------- Power Light Ion Engine Engine Light Ion Engine Propulsion Aluminum Leg Leg Aluminum Leg Hover Unit Hover Unit Utility Medium Storage Unit Storage Medium Storage Unit Processor Targeting Computer Weapon Medium Laser Energy Gun Medium Laser Build | -11 -10 -10 -9 -9 ------- Run | Scr Mat Min Mat Sto Slots Evolved 2 | . . . 2 . Power . | . . . . . Propulsion 2 | . . . 2 . Utility . | . . . . . Weapon . | . . . . . Parts Attached 17 | 5 7 1 4 . Power 2 | 1 . 1 . . Engine 2 | 1 . 1 . . Core . | . . . . . Reactor . | . . . . . Propulsion 9 | 2 3 . 4 . Treads . | . . . . . Leg 5 | 2 3 . . . Wheel . | . . . . . Hover 4 | . . . 4 . Flight . | . . . . . Utility 2 | . 2 . . . Device . | . . . . . Storage 1 | . 1 . . . Processor 1 | . 1 . . . Hackware . | . . . . . Protection . | . . . . . Artifact . | . . . . . Weapon 4 | 2 2 . . . Energy Gun 4 | 2 2 . . . Energy Cannon . | . . . . . Ballistic Gun . | . . . . . Ballistic Cannon . | . . . . . Launcher . | . . . . . Special Weapon . | . . . . . Impact Weapon . | . . . . . Slashing Weapon . | . . . . . Piercing Weapon . | . . . . . Special Melee Weapon . | . . . . . Unidentified Prototypes . | . . . . . Parts Lost 3 | . . . . 3 Power 1 | . . . . 1 Propulsion 1 | . . . . 1 Utility . | . . . . . Weapon 1 | . . . . 1 Highest Loss Streak 3 | . . . . 3 To Critical Strikes . | . . . . . Average Slot Usage (%) 91 | . 87 100 93 94 Engine 13 | . 14 14 11 8 Leg 24 | . 27 28 . . Hover 5 | . . . 37 41 Storage 13 | . 13 14 11 11 Processor 7 | . 3 14 11 11 Energy Gun 26 | . 27 28 22 20 Naked Turns . | . . . . . Heaviest Build 17 | 7 17 17 17 17 Greatest Support 24 | 20 20 20 24 24 Greatest Overweight (x) . | . . . . . Average Overweight (x) . | . . . . . Largest Inventory Capacity 10 | 5 10 10 10 10 Average Capacity 9 | 5 9 10 10 10 Most Carried 10 | 1 10 10 10 6 Average Carried 7 | . 7 9 6 6 Final Capacity 10 | 5 10 10 10 10 Final Carried 10 | 1 10 10 6 6 Class Distribution -------------------- 100% | Mutant Dominant Class ---------------- Mutant | -10/Materials Mutant | -10/Mines Mutant | -9/Materials Mutant | -9/Storage Resources | -11 -10 -10 -9 -9 ----------- Run | Scr Mat Min Mat Sto Matter Collected 546 | 250 198 73 . 25 Remotely . | . . . . . Salvage Created 940 | 38 367 312 . 223 Parts 54 | . 20 22 . 12 Haulers Intercepted 1 | . 1 . . . Recyclers Shooed . | . . . . . Parts Field Recycled . | . . . . . Retrieved Matter . | . . . . . Parts Self-Destructed . | . . . . . Prevented . | . . . . . Kills | -11 -10 -10 -9 -9 ------- Run | Scr Mat Min Mat Sto Combat Hostiles Destroyed 25 | 1 8 11 . 5 Guns 24 | 1 7 11 . 5 Classes Destroyed 10 | 1 5 2 . 2 Worker 1 | . 1 . . . Builder 1 | . 1 . . . Tunneler 1 | . . 1 . . Hauler 1 | . 1 . . . Recycler 1 | . . 1 . . Operator 1 | . . . . 1 Watcher 1 | . 1 . . . Swarmer 12 | . 3 9 . . Grunt 12 | 1 5 2 . 4 Sentry 1 | . . . . 1 Best Kill Streak 5 | 1 5 5 . 5 Combat Bots Only 5 | 1 4 3 . 5 Max Kills in Single Turn 2 | 1 2 2 . 1 Gunslinging 1 | . 1 . . . Exploded . | . . . . . Melee . | . . . . . Uniques/NPCs Destroyed . | . . . . . Combat | -11 -10 -10 -9 -9 -------- Run | Scr Mat Min Mat Sto Damage Taken 777 | 24 248 264 . 241 Core 230 | 8 70 73 . 79 Absorbed by Shields . | . . . . . Regen/Repaired (Parts) 16 | . 16 . . . Core Remaining (%) 67 | 96 . 39 . . Volleys Fired 82 | 2 40 25 . 15 Largest 2 | 2 2 2 . 2 Hottest 100 | 100 100 100 . 100 Shots Fired 149 | 4 67 50 . 28 Gun 149 | 4 67 50 . 28 Cannon . | . . . . . Launcher . | . . . . . Special . | . . . . . Kinetic . | . . . . . Thermal 149 | 4 67 50 . 28 Explosive . | . . . . . Electromagnetic . | . . . . . Robot Hit Streak 21 | 3 14 14 . 21 Robot Miss Streak 3 | 1 3 1 . 1 Penetration Max . | . . . . . Secondary Targets 6 | . 2 1 . 3 Max Gunslinging Chain 1 | . 1 1 . 1 Shots Hit Robots 107 | 3 45 35 . 24 Core Hits 50 | 2 18 17 . 13 Critical Kills . | . . . . . Critical Parts Destroyed . | . . . . . Critical Strikes 10 | 1 4 3 . 2 Burn 10 | 1 4 3 . 2 Melee Attacks . | . . . . . Impact . | . . . . . Slashing . | . . . . . Piercing . | . . . . . Sneak Attacks . | . . . . . Combat Hostiles . | . . . . . Follow-up Attacks . | . . . . . Damage Inflicted 1392 | 37 597 454 . 304 Guns 1370 | 37 584 445 . 304 Cannons . | . . . . . Explosions . | . . . . . Melee . | . . . . . Ramming 22 | . 13 9 . . Kinetic . | . . . . . Thermal 1370 | 37 584 445 . 304 Explosive . | . . . . . Electromagnetic . | . . . . . Impact . | . . . . . Slashing . | . . . . . Piercing . | . . . . . Highest Corruption . | . . . . . Average Corruption . | . . . . . Corruption Purged . | . . . . . Corruption Blocked . | . . . . . Overload Shots . | . . . . . Overflow Damage . | . . . . . Projectiles . | . . . . . Explosions . | . . . . . Melee . | . . . . . Knockbacks 1 | . . 1 . . Impact 1 | . . 1 . . Kinetic . | . . . . . Secondary . | . . . . . Self-Inflicted Damage . | . . . . . Shots . | . . . . . Rammed . | . . . . . Targets Rammed 4 | . 2 2 . . Kicked 4 | . 2 2 . . Crushed . | . . . . . Highest Temperature 488 | 90 360 280 . 488 Average Temperature 127 | 50 117 96 . 226 Received Heat Transfer 426 | 18 156 108 . 144 Effects 8 | . 4 1 . 3 Shutdowns 1 | . 1 . . . Energy Bleed 3 | . 2 1 . . Interference 2 | . 1 . . 1 Damage (major) 2 | . . . . 2 Siege Activations . | . . . . . Robots Corrupted . | . . . . . Combat Hostiles . | . . . . . Parts Fried . | . . . . . Impact Corruptions . | . . . . . Robots Melted 2 | . 2 . . . Combat Hostiles 1 | . 1 . . . Parts Melted 14 | 1 4 7 . 2 Heat Transferred 4810 | 185 2035 1554 . 1036 Parts Sabotaged . | . . . . . Parts Stolen . | . . . . . Parts Stripped . | . . . . . Power Chain Reactions . | . . . . . Missiles Intercepted . | . . . . . Alert | -11 -10 -10 -9 -9 ------- Run | Scr Mat Min Mat Sto Peak Influence 264 | 20 218 264 67 219 Initial 37 | . 11 5 37 24 Average 86 | 4 75 123 56 90 Maximum Alert Level 1 | . 1 1 . 1 Low Security (%) 81 | 100 75 84 100 91 Level 1 18 | . 24 15 . 8 Level 2 . | . . . . . Level 3 . | . . . . . Level 4 . | . . . . . Level 5 . | . . . . . High Security . | . . . . . Max Security . | . . . . . Squads Dispatched 2 | . . . . 2 Investigation . | . . . . . Extermination . | . . . . . Reinforcement 2 | . . . . 2 Assault . | . . . . . Garrison . | . . . . . Intercept . | . . . . . Searches Triggered . | . . . . . Construction Impeded . | . . . . . Haulers Reinforced . | . . . . . Active Scanning Responses . | . . . . . Cargo Convoy Interrupts . | . . . . . Stealth | -11 -10 -10 -9 -9 --------- Run | Scr Mat Min Mat Sto Distress Signals 1 | . 1 . . . Communications Jammed . | . . . . . Distress Signals . | . . . . . Times Spotted 39 | 1 16 15 . 7 Peak Tracking Total 4 | 1 4 3 . 4 Tactical Retreats 2 | . . 1 . 1 Traps | -11 -10 -10 -9 -9 ------- Run | Scr Mat Min Mat Sto Traps Triggered . | . . . . . Indirectly . | . . . . . Trap Hack Attempts . | . . . . . Triggered . | . . . . . Disarmed . | . . . . . Reprogrammed . | . . . . . Reused . | . . . . . Traps Extracted . | . . . . . Installed . | . . . . . Triggered . | . . . . . Machines | -11 -10 -10 -9 -9 ---------- Run | Scr Mat Min Mat Sto Machines Disabled 1 | . . 1 . . Max in Single Turn 1 | . . 1 . . Machines Sabotaged . | . . . . . Garrisons Compromised . | . . . . . Overloaded Fab Kills . | . . . . . Hacking | -11 -10 -10 -9 -9 --------- Run | Scr Mat Min Mat Sto Machines Accessed 6 | . 6 . . . Terminals 4 | . 4 . . . Fabricators . | . . . . . Repair Stations 1 | . 1 . . . Recycling Units 1 | . 1 . . . Scanalyzers . | . . . . . Garrison Access . | . . . . . Total Hacks 23 | . 23 . . . Successful 16 | . 16 . . . Failed 7 | . 7 . . . Catastrophic . | . . . . . Database Lockouts . | . . . . . Manual . | . . . . . Terminals 15 | . 15 . . . Fabricators . | . . . . . Repair Stations 5 | . 5 . . . Recycling Units 3 | . 3 . . . Scanalyzers . | . . . . . Garrison Access . | . . . . . Terminal Hacks 11 | . 11 . . . Prototype ID Bank 1 | . 1 . . . Emergency Access Points 2 | . 2 . . . Terminal Index 1 | . 1 . . . Alert Level 1 | . 1 . . . Locate Traps 2 | . 2 . . . Dispatch Records 1 | . 1 . . . Patrol Status 1 | . 1 . . . Transport Status 1 | . 1 . . . Zone Layout 1 | . 1 . . . Fabricator Hacks . | . . . . . Repair Station Hacks 4 | . 4 . . . Scan Component 2 | . 2 . . . Repair 2 | . 2 . . . Recycling Unit Hacks 1 | . 1 . . . Report Inventory 1 | . 1 . . . Scanalyzer . | . . . . . Garrison Access Hacks . | . . . . . Unauthorized Hacks . | . . . . . Terminals . | . . . . . Fabricators . | . . . . . Repair Stations . | . . . . . Recycling Units . | . . . . . Scanalyzers . | . . . . . Garrison Access . | . . . . . Data Cores Recovered . | . . . . . Used . | . . . . . Hacking Detections 5 | . 5 . . . Full Trace Events . | . . . . . Feedback Events . | . . . . . Feedback Blocked . | . . . . . Robot Schematics Acquired . | . . . . . Robots Built . | . . . . . Authchips . | . . . . . Time . | . . . . . Total Robot Build Rating . | . . . . . Part Schematics Acquired . | . . . . . Parts Built . | . . . . . Authchips . | . . . . . Time . | . . . . . Total Part Build Rating . | . . . . . Parts Repaired 2 | . 2 . . . Time 52 | . 52 . . . Parts Recycled . | . . . . . Recycled Matter . | . . . . . Retrieved Matter . | . . . . . Retrieved Components . | . . . . . Parts Scanalyzed . | . . . . . Part Schematics Acquired . | . . . . . Parts Damaged . | . . . . . Bothacking | -11 -10 -10 -9 -9 ------------ Run | Scr Mat Min Mat Sto Used RIF Installer . | . . . . . Robots Hacked . | . . . . . Non-combat . | . . . . . Combat . | . . . . . Robot Hacks Applied . | . . . . . Relay Couplers Released . | . . . . . Fabnet Peak Effective % . | . . . . . Robots Rewired . | . . . . . Allies Hacked . | . . . . . Hacks Repelled . | . . . . . Allies | -11 -10 -10 -9 -9 -------- Run | Scr Mat Min Mat Sto Total Allies . | . . . . . Largest Group . | . . . . . Highest-Rated Group . | . . . . . Highest-Rated Ally . | . . . . . Total Orders . | . . . . . Ally Attacks . | . . . . . Total Damage . | . . . . . Kills . | . . . . . Allies Corrupted . | . . . . . Allies Melted . | . . . . . Intel | -11 -10 -10 -9 -9 ------- Run | Scr Mat Min Mat Sto Robot Analysis Total . | . . . . . Derelict Logs Recovered . | . . . . . Drone Launches . | . . . . . Drone Recoveries . | . . . . . Exploration | -11 -10 -10 -9 -9 ------------- Run | Scr Mat Min Mat Sto Turns Passed 1713 | 93 916 498 43 163 Spaces Moved 1261 | 73 581 327 79 201 Core 16 | 16 . . . . Treads . | . . . . . Legs 965 | 57 581 327 . . Wheels . | . . . . . Hover 280 | . . . 79 201 Flight . | . . . . . Fastest Speed 48 | 50 120 120 48 48 Average Speed 103 | 104 120 120 48 48 Slowest Speed 120 | 120 120 120 48 52 Overloaded Moves . | . . . . . Propulsion Burnouts . | . . . . . Robots Hopped . | . . . . . Cave-ins Triggered . | . . . . . Exploration Rate (%) 34 | 5 69 62 7 30 Regions Visited 4 Branch Regions 2 Pre-discovered Areas . | . . . . . Known Exits Taken . | . . . . . Unknown Exits Taken 4 | 1 1 1 1 . Scrap Searched . | . . . . . Spaces Dug . | . . . . . Terrain Destroyed . | . . . . . Melee . | . . . . . Projectile . | . . . . . AOE . | . . . . . Terrain Rammed . | . . . . . Walls Destroyed . | . . . . . Machines Disabled . | . . . . . Actions | -11 -10 -10 -9 -9 --------- Run | Scr Mat Min Mat Sto Total 1523 | 83 735 383 84 238 Wait 131 | 3 80 26 . 22 Move 1257 | 72 580 326 78 201 Hop . | . . . . . Pick Up 19 | 1 17 1 . . Fast Attach 8 | 5 3 . . . Attach 5 | . 1 . 4 . Detach . | . . . . . Swap 4 | . 3 1 . . Drop 13 | . 9 2 2 . Fire 82 | 2 40 25 . 15 Melee . | . . . . . Ram . | . . . . . Kick 4 | . 2 2 . . Crush . | . . . . . Escape Stasis . | . . . . . Rewire . | . . . . . Trap . | . . . . . Miscellaneous . | . . . . . Route ------- -11/Scrapyard -10/Materials -10/Mines -9/Materials -9/Storage History --------- Turn | Location | Event 2 | -11/Scrapyard | Met Revision 17 66 | -11/Scrapyard | Discovered new exit (range 8) 94 | -11/Scrapyard | Entered Materials 193 | -10/Materials | Repaired Aluminum Leg 220 | -10/Materials | Repaired Med. Laser 317 | -10/Materials | Build established: Mutant 797 | -10/Materials | Discovered new exit (range 13) 1010 | -10/Materials | Entered Mines 1426 | -10/Mines | Discovered new exit (range 9) 1466 | -10/Mines | Core integrity fell below 50% 1508 | -10/Mines | Entered Materials 1508 | -9/Materials | Evolved 2 slots: Propulsion x2 1529 | -9/Materials | Discovered new exit (range 13) 1551 | -9/Materials | Entered Storage 1714 | -9/Storage | Self-destructed Last Messages --------------- 01687_ K-01 Serf collects debris. 01689_ G-34 Mercenary suffers critical hit (Burn). 01690_ K-01 Serf collects debris. 01691_ K-01 Serf destroyed. 01692_ K-01 Serf collects debris. 01692_ Aluminum Leg melted. 01692_ G-34 Mercenary destroyed. 01695_ K-01 Serf collects debris. 01695_ G-34 Mercenary destroyed. 01695_ Switching to secondary target: G-34 Mercenary. 01698_ Overheating: Med. Laser damaged (-14). 01698_ Overheating: Med. Storage Unit damaged (-101). 01698_ K-01 Serf collects debris. 01698_ Med. Laser destroyed. 01700_ G-34 Mercenary destroyed. 01701_ K-01 Serf collects debris. 01703_ Acquired 12 matter. 01704_ K-01 Serf collects debris. 01708_ Overheating: System interference. 01708_ Targeting Computer temporarily disabled. Map ----- +----------------------------------------------------+ | ############# #???? | | ###### #??#????????# #???? | | ?????# #? ######???# #???? | | ?????# #? ????# #???? | | ?????# # """""????## ## #???? | | ?????# # """""?????# ## #???? | | ?????# + """""?????# ## #???? | | ?????# # #???# ##+##### | | ?????# # " #???# ## # | | ?????# #?T #???# ## # | | #????# #?" #???# ## # | | #????# #?? #???# ## # | | #????# #??#######???# ^## # | | +????# #????????????# #[=[ # | | #????# #????????????# +=%!= # | | #????# #????????????# #%=%! # | | #????# +????????????# #*%%[ # | | ?????# #????????????# #%= # | | ?????# #????????????# # # | | ?????# ?????????????# # # | | ????? ?????????????# ####### | | ??????#/#?????????????# #?????? | | ?????????????????????## ##????? | | ?????????????????????# #????? | | ?????????????????????# #????? | | ?????????????????????# @ #????? | | ?????????????????????# #????? | | ?????????????????????+ #????? | | ?????????????????????## ##????? | | ??????????????????????# #?????? | | ??????????????????????# #?????? | | ??????????????????????# #?????? | | ??????????????????????# #?????? | | ??????????????????????# #?????? | | ??????????????????????# ??????? | | ??????????????????????#a ??????? | | ??????????????????????# ??????? | | ??????????????????????# ??????? | | ?????????????????????? ??????? | | ?????????????????????? ??????? | | ??????????????????????? Y ??????? | | ????????????????????????????????? | | ????????????????????????????????? | | ????????????????????????????????? | | ????????????????????????????????? | | ????????????????????????????????? | | ????????????????????????????????? | | ????????????????????????????????? | | ????????????????????????????????? | | ????????????????????????????????? | +----------------------------------------------------+ Best States ------------- Heat Dissipation 28 Energy Generation 10 Energy Capacity 125 Matter Stores 300 Matter Capacity 300 Sight Range 16 Terrain Scan Density 10 Resistance: KI 20 Resistance: TH 20 Resistance: EX 20 Resistance: EM 20 Resistance: I 20 Resistance: S 20 Resistance: P 20 Evasion (%) 55 Targeting Accuracy 5 Offensive Hacking 10 Item Schematics ----------------- None Robot Schematics ------------------ None Fabricated ------------ Nothing Alien Tech Used ----------------- None Achievements -------------- None Challenges ------------ None Game ------ Seed RecoilCoolingReconstructor Manual? 0 Play Time 00:18:01 Cumulative 17.1 hours Start 2022.04.24 @ 21:26:57 End 2022.04.24 @ 22:01:32 Sessions 1 Manual Loads 0 Difficulty Adventurer Special Mode None Game No. 25 Rogue 10 Adventurer 15 Explorer 0 Win Type - Total 0 Types 0/0/0/0/0/0/0/0/0 Lore% 25 Gallery% 23 Achievement% 26 Wizard Run 0 Options --------- ASCII 0 Keyboard 1 Movement Vi Keybinds 0 Fullscreen 2 Font 24/Smallcaps Map View 76x50 Tactical HUD 1 Map Filters NONE Filters NONE Steam 1 RUN: e080bc94-24d7-4896-8fe5-c22907e1d3a5